Map: Altitude LE

Players

TroNiCk - Winner!

  • Race: Terran Terran
  • League: Master
  • Spawn Location: 7:00

Metamyth

  • Race: Zerg Zerg
  • League: Diamond
  • Spawn Location: 1:00

VOD

Have the link to the VOD?

Description

Time

  • Played on: Feb. 1, 2023, 9:57 p.m.
  • Length: 7:56
Show
View Real Time Build Order
Export as new Build Order

TroNiCk Terran - Winner!

Build Orders: Command Center First (CC) 

Get SALT Encoding   

  12  0:00  SCV  
  13  0:12  SCV  
  14  0:18  Supply Depot  
  14  0:24  SCV  
  15  0:39  SCV  
  16  0:52  SCV  
  17  1:00  Command Center  
  17  1:05  SCV  
  18  1:17  SCV  
  19  1:20  Barracks  
  19  1:29  SCV  
  20  1:37  Barracks  
  20  1:41  SCV  
  21  1:48  Barracks  
  21  1:53  SCV  
  22  2:06  Orbital Command  
  22  2:07  Marine  
  23  2:12  Orbital Command  
  23  2:25  Marine  
  23  2:27  Marine  
  25  2:33  SCV  
  26  2:39  SCV  
  26  2:42  Marine  
  26  2:43  Marine  
  29  2:45  Marine, SCV  
  29  2:48  Supply Depot  
  31  2:53  SCV  
  31  2:57  SCV  
  33  2:59  Marine  
  33  3:00  Marine  
  33  3:02  Marine  
  37  3:05  SCV  
  37  3:10  Refinery  
  37  3:11  Refinery  
  37  3:12  Refinery  
  37  3:13  SCV, Refinery  
  37  3:17  SCV  
  37  3:18  Marine  
  40  3:28  Marine  
  40  3:32  SCV  
  40  3:33  SCV, Supply Depot  
  43  3:44  Barracks Tech Lab, SCV  
  43  3:45  SCV  
  45  3:53  Barracks Reactor  
  45  3:55  Barracks Tech Lab  
  45  3:56  SCV  
  45  3:57  SCV  
  45  3:59  Supply Depot  
  47  4:03  Factory  
  47  4:05  Marauder  
  47  4:09  SCV x2  
  51  4:14  Marauder  
  51  4:15  Stimpack  
  53  4:21  SCV x2  
  55  4:28  Marauder  
  57  4:32  Marine x2, Engineering Bay  
  57  4:33  SCV  
  57  4:34  SCV, Supply Depot  
  57  4:35  Supply Depot  
  61  4:39  Combat Shield  
  61  4:45  SCV  
  62  4:47  Factory Reactor  
  62  4:50  Starport  
  62  4:55  Armory  
  62  4:56  Marine x2, Marauder x2, SCV  
  62  4:57  SCV  
  62  4:59  Supply Depot  
  70  5:03  Terran Infantry Weapons Level 1  
  70  5:10  Supply Depot  
  70  5:13  Marine x2  
  70  5:14  SCV x2  
  73  5:18  Marauder x2  
  78  5:26  SCV x2  
  78  5:27  Medivac, Hellion  
  78  5:28  Hellion  
  86  5:30  Supply Depot  
  86  5:32  Marine x2  
  88  5:38  SCV, Supply Depot  
  88  5:40  Marine  
  88  5:41  Marauder  
  92  5:49  Hellion  
  94  5:52  SCV, Hellion  
  94  5:55  Concussive Shells, SCV  
  94  5:56  Supply Depot  
  98  6:00  Marauder  
  98  6:01  Marine  
  98  6:02  Marauder, Starport Reactor  
  98  6:04  SCV  
  104  6:05  Marine  
  104  6:10  Hellion  
  107  6:13  Hellion  
  107  6:14  Supply Depot  
  109  6:21  Marine  
  109  6:22  Marauder  
  109  6:24  Marine, Marauder  
  116  6:25  SCV  
  116  6:31  SCV  
  117  6:36  Hellion x2  
  117  6:38  Supply Depot x2  
  117  6:39  Marine  
  122  6:43  Marauder  
  108  7:07  Marine  
  108  7:08  Marine, Marauder x2  
  114  7:09  Hellion x2  
  118  7:18  SCV x2  
  120  7:25  Marine  
  120  7:26  Marine  
  120  7:29  Marauder  
  121  7:30  SCV, Barracks, Marauder  
  121  7:31  Barracks, Command Center, Refinery  
  121  7:34  Barracks, Refinery  
  120  7:37  Command Center  
Show
View Real Time Build Order
Export as new Build Order

Metamyth Zerg 

Build Orders: Hatch First 

Get SALT Encoding   

  12  0:01  Drone  
  13  0:12  Overlord  
  13  0:17  Drone  
  14  0:30  Drone x2  
  16  0:49  Hatchery  
  15  0:52  Drone  
  15  0:56  Drone  
  17  0:59  Drone  
  18  1:11  Extractor  
  18  1:16  Spawning Pool  
  18  1:18  Drone  
  17  1:21  Drone  
  18  1:27  Drone  
  19  1:38  Drone  
  20  1:49  Overlord  
  20  2:03  Queen x2  
  20  2:04  Zergling x4  
  26  2:21  Hatchery  
  25  2:25  Metabolic Boost  
  26  2:30  Drone  
  26  2:32  Drone  
  27  2:37  Zergling x2  
  27  2:39  Drone  
  27  2:43  Drone  
  30  2:48  Drone x2  
  32  2:54  Overlord  
  32  3:02  Queen  
  32  3:05  Drone  
  35  3:11  Drone  
  36  3:13  Drone  
  36  3:15  Pneumatized Carapace  
  37  3:25  Drone x4  
  40  3:35  Drone  
  40  3:36  Drone x3  
  44  3:42  Overlord  
  44  3:43  Queen  
  46  3:49  Queen  
  48  3:58  Drone  
  48  4:01  Baneling Nest  
  48  4:03  Drone x2  
  48  4:04  Drone x3  
  48  4:08  Overlord  
  53  4:11  Drone x2  
  53  4:14  Drone x2  
  57  4:20  Drone  
  57  4:22  Overlord  
  60  4:33  Drone x6  
  60  4:37  Lair  
  64  4:39  Extractor, Drone x3  
  67  4:45  Zergling x4  
  67  4:51  Queen  
  67  4:52  Zergling x2  
  71  4:53  Queen  
  71  4:54  Overlord  
  71  4:59  Overlord  
  73  5:02  Zergling x2  
  74  5:09  Overlord x3  
  74  5:10  Evolution Chamber  
  74  5:11  Evolution Chamber  
  72  5:15  Zergling x2  
  72  5:16  Zergling x10  
  78  5:21  Drone x2  
  78  5:24  Extractor, Baneling x4  
  78  5:25  Baneling  
  78  5:27  Zergling x4  
  78  5:28  Zergling x4  
  83  5:32  Zergling x2  
  84  5:39  Hatchery  
  84  5:40  Zerg Melee Weapons Level 1  
  84  5:42  Zergling x6  
  86  5:43  Zergling x8  
  86  5:48  Queen  
  92  5:54  Drone x2  
  92  5:56  Queen  
  96  5:59  Queen  
  96  6:01  Zergling x8  
  102  6:09  Centrifugal Hooks  
  102  6:15  Zergling x10  
  102  6:16  Zergling x2  
  108  6:20  Drone  
  108  6:21  Overlord x2  
  108  6:30  Zergling x4  
  108  6:31  Zergling x6  
  108  6:32  Overlord x2  
  109  6:50  Zergling x6  
  109  6:51  Zergling x6  
  84  6:54  Zergling x8  
  84  6:55  Zergling x4  
  84  6:56  Zergling x2  
  84  7:00  Zergling x2  
  85  7:08  Zergling x10  
  84  7:09  Zergling x2  
  79  7:17  Zergling x2  
  79  7:18  Zergling x10  
Tags
 
Add a new tag
Caveats
  • Supply blocks, unpowered buildings, or Contaminate may cause inaccurate times.
  • Supply counts are checked every 10 seconds.